 Dungeon Crawl Stone Soup version 0.23-a0-473-gc8aadda (webtiles) character file.

16 Amnesiac the Digger (level 2, -1/11 HPs)
             Began as a Felid Earth Elementalist on Nov 27, 2018.
             Slain by an orc
             ... wielding a cursed +0 short sword
              (3 damage)
             ... on level 4 of the Dungeon.
             The game lasted 00:01:10 (586 turns).

Amnesiac the Digger (Felid Earth Elementalist)       Turns: 586, Time: 00:01:11

Health: -1/11      AC:  1    Str:  4    XL:     2   Next: 37%
Magic:  1/6        EV: 18    Int: 16    God:
Gold:   63         SH:  0    Dex: 16    Spells: 2/5 levels left
                                        Lives:  0   Deaths: 0

rFire    . . .     SeeInvis +   (weapon unavailable)
rCold    . . .     Gourm    .   (shield unavailable)
rNeg     . . .     Faith    .   (armour unavailable)
rPois    +         Spirit   .   (helmet unavailable)
rElec    .         Reflect  .   (cloak unavailable)
rCorr    .         Harm     .   (gloves unavailable)
MR       .....                  (boots unavailable)
Stlth    +++.......             (no amulet)
HPRegen  0.03/turn              a - ring of poison resistance
MPRegen  0.10/turn              (no ring)

@: quick
A: very small, no armour, no weapons or thrown items, stealth, claws 1, fangs 3,
see invisible, carnivore, speed 1, shaggy fur 1, slow metabolism 1, sharp paws
a: no special abilities


You were on level 4 of the Dungeon.
You were not hungry.

You visited 1 branch of the dungeon, and saw 4 of its levels.

You collected 63 gold pieces.

Inventory:

Missiles
 b - 40 stones
Jewellery
 a - a ring of poison resistance (left paw)
Scrolls
 i - a scroll of fear {!r}
Potions
 d - 5 potions of berserk rage {!q, unknown}
 e - a potion of magic {!q, unknown}
 f - a potion of agility {!q, unknown}
 g - 2 potions of curing {!q, unknown}
Comestibles
 c - 4 rations


   Skills:
 - Level 2.6 Dodging
 - Level 2.6 Stealth
 + Level 2.3 Spellcasting
 - Level 1.1 Transmutations
 * Level 3.2 Earth Magic


You had 2 spell levels left.
You knew the following spells:

 Your Spells              Type           Power        Failure   Level  Hunger
a - Sandblast             Erth           ##....       5%          1    #......
b - Passwall              Tmut/Erth      #.......     12%         2    ###....

Your spell library contained the following spells:

 Spells                   Type           Power        Failure   Level  Hunger
 Stone Arrow              Conj/Erth      #.....       30%         3    ###....
 Petrify                  Tmut/Erth      #.......     63%         4    #####..
 Lee's Rapid Deconstruct  Erth           ##........   82%         5    ######.


Dungeon Overview and Level Annotations

Branches:
Dungeon (4/15)
 Temple: D:4-7

Altars:


Innate Abilities, Weirdness & Mutations

You cannot wear armour.
You are incapable of wielding weapons or throwing items.
Your paws allow you to move quietly. (Stealth)
You have sharp claws.
You have razor-sharp teeth.
You have supernaturally acute eyesight. (SInv)
You are carnivorous and can eat meat at any time.
You cover ground quickly.
You are covered in fur. (AC +1)
You have a slow metabolism.
Your sharp claws are effective at attacking unaware monsters.


Message History

Magic restored.
HP restored.
Found a rapier.
Found a leather armour.
Memorise Passwall, consuming 2 spell levels and leaving 2?
You start memorising the spell.
You continue memorising. x2
You finish memorising.
Spell assigned to 'b'. 2 orcs come into view.
Found a ruby potion and 31 stones.
There are monsters nearby!
The orc shouts!
Found a stone staircase leading up.
b - 45 stones (gained 31)
There are no items here.
f - a ruby potion {!q}
There are no items here.
You see here a leather armour.
Casting: Sandblast (safe; 5% risk of failure)
Confirm with . or Enter, or press ? or * to list all spells.
Aiming: Sandblast (safe; 5% risk of failure)
Press: ? - help, Shift-Dir - straight line, f - orc
Aim: an orc The blast of sand hits the orc.
The orc is severely wounded.
b - 44 stones The orc shouts!
Casting: Sandblast (safe; 5% risk of failure)
Confirm with . or Enter, or press ? or * to list all spells.
Aiming: Sandblast (safe; 5% risk of failure)
Press: ? - help, Shift-Dir - straight line, f/p - orc
Aim: an orc (severely wounded)
The blast of sand misses the orc.
b - 43 stones The orc hits you.
The orc hits you with a cursed +0 short sword.
Casting: Sandblast (safe; 5% risk of failure)
Confirm with . or Enter, or press ? or * to list all spells.
Aiming: Sandblast (safe; 5% risk of failure)
Press: ? - help, Shift-Dir - straight line, f/p - orc
Aim: an orc (severely wounded)
The blast of sand hits the orc.
You kill the orc!
b - 42 stones The orc hits you with a cursed +0 short sword.
* * * LOW HITPOINT WARNING * * *
An orc priest comes into view. It is wielding a +0 trident.
Casting: Sandblast (safe; 5% risk of failure)
Confirm with . or Enter, or press ? or * to list all spells.
Aiming: Sandblast (safe; 5% risk of failure)
Press: ? - help, Shift-Dir - straight line, f - orc
Aim: an orc, wielding a +0 short sword and wearing a +0 scale mail The blast of sand misses the orc.
b - 41 stones The orc barely misses you.
The orc priest misses you.
Casting: Sandblast (safe; 5% risk of failure)
Confirm with . or Enter, or press ? or * to list all spells.
Aiming: Sandblast (safe; 5% risk of failure)
Press: ? - help, Shift-Dir - straight line, f/p - orc
Aim: an orc, wielding a +0 short sword and wearing a +0 scale mail The blast of sand hits the orc.
b - 40 stones You hear a shout!
The orc hits you with a cursed +0 short sword.
You die...

. ....# .
...# . #..#
### . #..##.#
. #..#.#
##...# ##..##
#...##
###@.## .
#######o.## .
.oo....o..# #
########..#
###...#
##.....#
####....###
####.....)##
##.........##


You could see an orc priest and an orc.

Vanquished Creatures
  An adder skeleton (D:4)
  An orc (D:4)
  A bat (D:1)
  4 jackals (D:4)
  A frilled lizard (D:2)
  2 kobolds
  A rat (D:2)
11 creatures vanquished.

Notes
Turn   | Place    | Note
-------+----------+-------------------------------------------
     0 | D:1      | Amnesiac the Felid Earth Elementalist began the quest for
                  | the Orb.
     0 | D:1      | Reached XP level 1. HP: 7/7 MP: 4/4
   363 | D:4      | Reached skill level 3 in Earth Magic
   386 | D:4      | Reached XP level 2. HP: 7/11 MP: 0/6
   567 | D:4      | Learned a level 2 spell: Passwall
   586 | D:4      | Slain by an orc

Vault maps used:
D:1:      sevenhm_arrival_forest_fort_small_3, minmay_misc_feat_four_crosses
D:2:      kb_forest_paths
D:3:      lemuel_coloured_pillars_altar, uniq_jessica
D:4:      kennysheep_mini, first_ration, fedhas_altar_3, uniq_ijyb

Skill      XL: |  1 |
---------------+----+-----
Earth Magic    | 3 |  3.2
Dodging        | |  2.6
Stealth        | |  2.6
Spellcasting   | |  2.3
Transmutations | |  1.1

Action                   || total
-------------------------++-------
Melee: Unarmed           ||     6
       Bite              ||     2
 Cast: Sandblast         ||    21
  Use: Scroll            ||     4
  Eat: Chunk             ||     2
Armor: Skin              ||     4
Dodge: Dodged            ||    20

Table legend:
 A = Non-vault XP
 B = Vault XP
 C = Vault XP percentage of total XP
 D = Non-vault monster count
 E = Vault monster count
 F = Vault count percentage of total count
                 A         B        C        D         E       F
            +---------+---------+-------+---------+---------+-------
      Total |      23 |       0 |   0.0 |      11 |       0 |   0.0
            +---------+---------+-------+---------+---------+-------
        D:1 |       3 |       0 |   0.0 |       2 |       0 |   0.0
        D:2 |       2 |       0 |   0.0 |       2 |       0 |   0.0
        D:3 |       2 |       0 |   0.0 |       1 |       0 |   0.0
        D:4 |      16 |       0 |   0.0 |       6 |       0 |   0.0
            +---------+---------+-------+---------+---------+-------
